 Dungeon Crawl Stone Soup version 0.29.1-4-g47bece8355 (webtiles) character file.

Game seed: 541649914578519882

408 CaptainMV the Stinger (level 6, -4/50 HPs)
             Began as a Draconian Venom Mage on Dec 7, 2022.
             Slain by a killer bee (5 damage)
             ... on level 5 of the Dungeon.
             The game lasted 00:38:39 (4527 turns).

CaptainMV the Stinger (Draconian Venom Mage)        Turns: 4527, Time: 00:38:42

Health: -4/50      AC:  6    Str: 10    XL:     6   Next: 57%
Magic:  10/10      EV: 12    Int: 18    God:
Gold:   188        SH:  0    Dex: 11    Spells: 8/11 levels left

rFire   . . .      SeeInvis .   u - +2 whip (freeze)
rCold   . . .      Faith    .   (no shield)
rNeg    . . .      Spirit   .   (body armour unavailable)
rPois   .          Reflect  .   (helmet restricted)
rElec   .          Harm     .   (no cloak)
rCorr   +          Rampage  .   (no gloves)
Will    .....                   (no boots)
Stlth   ++........              (no amulet)
HPRegen 0.16/turn               n - ring of resist corrosion
MPRegen 0.12/turn               (no ring)

@: lethally poisoned (-4 -> -17)
A: AC +6, unfitting armour, cold-blooded
a: no special abilities


You were on level 5 of the Dungeon.
You visited 1 branch of the dungeon, and saw 5 of its levels.

You collected 308 gold pieces.
You spent 120 gold pieces at shops.

Inventory:

Hand Weapons
 g - a +0 short sword
 u - a +2 whip of freezing (weapon)
Missiles
 d - 10 poisoned darts
 l - 4 boomerangs (quivered)
Magical Staves
 v - a staff of earth
Jewellery
 n - a ring of resist corrosion (left hand)
Wands
 s - a wand of paralysis (7)
 x - a wand of roots (12)
Scrolls
 b - 3 scrolls of enchant armour {unknown}
 c - a scroll of fear {unknown}
 e - 2 scrolls of noise {unknown}
 f - a scroll of blinking {unknown}
 o - a scroll of torment {unknown}
 t - 2 scrolls of teleportation {unknown}
 y - a scroll of vulnerability {unknown}
Potions
 a - a potion of magic
 h - a potion of ambrosia {unknown}
 i - a potion of flight {unknown}
 j - 2 potions of haste {unknown}
 k - 2 potions of berserk rage {unknown}
 m - 4 potions of curing {unknown}
 p - 2 potions of might {unknown}
 q - 4 potions of heal wounds {unknown}
 r - 2 potions of attraction {unknown}
 w - 2 potions of mutation {unknown}


   Skills:
 + Level 2.5 Fighting
 + Level 2.8 Short Blades
 + Level 1.5 Maces & Flails
 + Level 0.6 Throwing
 + Level 2.7 Dodging
 + Level 2.2 Stealth
 + Level 3.1 Spellcasting
 + Level 1.5 Transmutations
 + Level 0.2 Air Magic
 + Level 3.9 Poison Magic


You had 8 spell levels left.
You knew the following spells:

 Your Spells              Type           Power      Damage    Failure   Level
a - Sting                 Tmut/Pois      48%        1d5       5%          1
b - Poisonous Vapours     Pois/Air       20%        N/A       11%         2

Your spell library contained the following spells:

 Spells                   Type           Power      Damage    Failure   Level
 Apportation              Tloc           4%         N/A       16%         1
 Mephitic Cloud           Conj/Pois/Air  7%         N/A       26%         3
 Olgreb's Toxic Radiance  Pois           17%        N/A       30%         4
 Confusing Touch          Hex            2%         N/A       43%         3
 Alistair's Intoxication  Tmut/Pois      8%         N/A       82%         5
 Yara's Violent Unravell  Hex/Tmut       2%         3d3       97%         5
 Enfeeble                 Hex            1%         N/A       100%        7


Dungeon Overview and Level Annotations

Branches:
Dungeon (5/15)
 Temple: D:4-7

Altars:
Dithmenos
Hepliaklqana
Nemelex Xobeh
Qazlal

Shops:
D:2 !*(


Innate Abilities, Weirdness & Mutations

Your plain brown scales are hard. (AC +6)
You cannot fit into any form of body armour.
You are cold-blooded and may be slowed by cold attacks.


Message History

You hit the killer bee. You freeze the killer bee.
You tail-slap the killer bee, but do no damage.
The killer bee is moderately wounded.
You feel sick. The killer bee stings you.
* * * LOW HITPOINT WARNING * * *
The killer bee stings you.
* * * LOW HITPOINT WARNING * * *
You are lethally poisoned!
The killer bee poisons you!
Throw: 4 boomerangs
Press: ? - help, Q - select action, (/) - cycle Shift-Dir - straight line, f/p - killer bee
Aim: a killer bee (moderately wounded, 23% to hit)
You throw a boomerang.
The boomerang barely misses the killer bee.
* * * LOW HITPOINT WARNING * * *
You feel very sick. The killer bee closely misses you.
The killer bee stings you.
* * * LOW HITPOINT WARNING * * *
The killer bee barely misses you.
You barely miss the killer bee.
The killer bee is moderately wounded.
* * * LOW HITPOINT WARNING * * *
You feel sick. The killer bee barely misses you.
The killer bee stings you but does no damage.
You whack the killer bee! You freeze the killer bee.
Your tail-slap misses the killer bee.
The killer bee is almost dead.
* * * LOW HITPOINT WARNING * * *
You feel sick. The killer bee closely misses you. The killer bee stings you.
* * * LOW HITPOINT WARNING * * *
You are more poisoned.
The killer bee poisons you!
Unknown command.
You hit the killer bee but do no damage.
The killer bee is almost dead.
* * * LOW HITPOINT WARNING * * *
You feel very sick.
The killer bee stings you but does no damage.
The killer bee stings you.
You die...

# ##.## #
#..## ##..#
##.# #.# #.#
..#♣♣♣♣♣♣♣#.#
#........'.#
#.......y@.#
..#♣♣♣♣♣♣♣###


You could see a killer bee.

Vanquished Creatures
  A scorpion (D:4)
  2 hounds
  Ijyb (D:3)
  3 iguanas (D:5)
  7 adders
  A white imp (D:5)
  4 worms
  4 dart slugs
  5 orcs
  6 bats
  4 endoplasms
  7 giant cockroaches
  6 goblins
  4 hobgoblins (D:2)
  11 jackals
  6 ball pythons
  11 frilled lizards
  7 kobolds
  4 rats
94 creatures vanquished.

Vanquished Creatures (others)
  A hound (D:4)
  6 plants (D:3)
7 creatures vanquished.

Grand Total: 101 creatures vanquished

Notes
Turn   | Place    | Note
-------+----------+-------------------------------------------
     0 | D:1      | CaptainMV the Draconian Venom Mage began the quest for the
                  | Orb.
     0 | D:1      | Reached XP level 1. HP: 14/14 MP: 3/3
   126 | D:1      | Reached XP level 2. HP: 17/20 MP: 1/5
   401 | D:1      | You fall into a shaft and drop 1 floor!
   420 | D:2      | Reached XP level 3. HP: 3/26 MP: 1/6
   762 | D:2      | Reached skill level 1 in Short Blades
   763 | D:2      | Found Ekuin's Weapon Boutique.
   888 | D:2      | Found Wiatis's Assorted Antiques.
  1001 | D:2      | Found Zuddydick's Distillery.
  1146 | D:2      | Reached XP level 4. HP: 32/33 MP: 8/8
  1469 | D:2      | Bought a cabochon ring for 120 gold pieces
  2217 | D:3      | Found a faded altar of an unknown god.
  2247 | D:3      | Reached skill level 1 in Fighting
  2360 | D:3      | Noticed Ijyb
  2380 | D:3      | Killed Ijyb
  2381 | D:3      | Reached XP level 5. HP: 21/41 MP: 3/9
  2971 | D:4      | Found a stormy altar of Qazlal.
  3017 | D:4      | Reached XP level 6. HP: 37/49 MP: 10/10
  3053 | D:4      | Learned a level 2 spell: Poisonous Vapours
  3744 | D:5      | Entered Level 5 of the Dungeon
  3778 | D:5      | Reached skill level 1 in Maces & Flails
  3779 | D:5      | Found a sparkling altar of Nemelex Xobeh.
  3779 | D:5      | Found a hazy altar of Hepliaklqana.
  4111 | D:5      | Found a shadowy altar of Dithmenos.
  4511 | D:5      | Noticed a troll
  4527 | D:5      | HP: 1/50 [poisoned by a killer bee]
  4527 | D:5      | Slain by a killer bee

Illustrated notes

Levels and vault maps discovered:
D:1:      dpeg_arrival_erosion, layout_loops_ring,
          chequers_serial_rivers_small_a, grunt_decor_arrowhead
D:2:      layout_basic, serial_shops, nicolae_shop_bloodbath_and_beyond,
          nicolae_shop_stone, nicolae_shop_advertising_works
          [nicolae_subvault_shop_adworks], minmay_circle_x
D:3:      layout_basic, hellmonk_ecumenical_altar_lost_god,
          kennysheep_decorative_pillar, minmay_lizard_king, uniq_ijyb
D:4:      layout_basic, nicolae_qazlal_scattered_showers
D:5:      kennysheep_big_flooded_room, layout_basic,
          nicolae_dithmenos_through_a_glass_darkly, lemuel_round_altar,
          okawaru_metal_pillars_1_2, gammafunk_temple_overflow_pools

Skill      XL: |  1  2  3  4  5  6 |
---------------+-------------------+-----
Short Blades   | 1 2 |  2.8
Dodging        | 2 |  2.7
Stealth        | 2 |  2.2
Fighting       | 2 |  2.5
Spellcasting   | 3 |  3.1
Maces & Flails | 1 |  1.5
Throwing       | |  0.6
Transmutations | |  1.5
Air Magic      | |  0.2
Poison Magic   | |  3.9

Action                   |  1- 3 |  4- 6 || total
-------------------------+-------+-------++-------
Melee: Short sword       |   120 |   110 ||   230
       Tailslap          |    12 |    32 ||    44
       Whip              |       |   164 ||   164
       Punch             |       |     3 ||     3
Throw: Boomerang         |     1 |     9 ||    10
 Cast: Sting             |    23 |    23 ||    46
       Poisonous Vapours |       |     2 ||     2
 Stab: Sleeping          |     2 |     6 ||     8
Armor: Skin              |    56 |    78 ||   134
Dodge: Dodged            |    70 |   161 ||   231
